 Dungeon Crawl Stone Soup version 0.25-a0-458-g6fc7858b95 (webtiles) character file.

Game seed: 15767570351401974469, levelgen mode: deterministic

18 Nattfarinn the Sneak (level 2, 0/15 HPs)
             Began as a Vine Stalker Assassin on Feb 2, 2020.
             Slain by a jackal (1 damage)
             ... on level 1 of the Dungeon.
             The game lasted 00:01:15 (872 turns).

Nattfarinn the Sneak (Vine Stalker Assassin)         Turns: 872, Time: 00:01:15

Health: 0/15       AC:  3    Str: 13    XL:     2   Next: 70%
Magic:  0/3        EV: 11    Int: 11    God:
Gold:   51         SH:  0    Dex: 15    Spells: 1/1 levels left

rFire    + . .     SeeInvis .   a - +2 dagger
rCold    . . .     Gourm    .   (no shield)
rNeg     . . .     Faith    .   b - +0 robe
rPois    .         Spirit   +   (no helmet)
rElec    .         Reflect  .   c - +0 cloak
rCorr    .         Harm     .   (no gloves)
MR       .....                  (no boots)
Stlth    +++.......             h - amulet of magic regeneration
HPRegen  0.05/turn              j - ring of protection from fire
MPRegen  0.33/turn              (no ring)

@: no status effects
A: fangs 2, magic shield, antimagic bite, no potion heal 3, rot immunity
a: no special abilities


You were on level 1 of the Dungeon.
You were not hungry.

You visited 1 branch of the dungeon, and saw 2 of its levels.

You collected 51 gold pieces.

Inventory:

Hand Weapons
 a - a +2 dagger (weapon)
Missiles
 d - 20 poisoned darts (quivered)
 e - 2 curare-tipped darts
Armour
 b - a +0 robe (worn)
 c - a +0 cloak (worn)
Jewellery
 h - an amulet of magic regeneration (around neck)
 j - a ring of protection from fire (left hand)
Scrolls
 g - a scroll of enchant weapon {unknown}
 k - a scroll of remove curse {unknown}
Comestibles
 f - 3 rations


   Skills:
 * Level 2.2 Fighting
 + Level 2.0 Short Blades
 - Level 1.7 Throwing
 - Level 0.7 Dodging
 * Level 5.2 Stealth


You had one spell level left.
You didn't know any spells.
Your spell library was empty.

Dungeon Overview and Level Annotations

Branches:
Dungeon (2/15)

Altars:


Innate Abilities, Weirdness & Mutations

You have extremely sharp teeth.
When hurt, damage is shared between your health and your magic reserves.
Your bite disrupts and absorbs the magic of your enemies.
Potions cannot restore your health.
You are immune to rotting.


Message History

You climb upwards.
There is a stone staircase leading down here.
Unknown command.
You barely miss the jackal. You bite the jackal. You drain its power.
The jackal is almost dead.
The jackal closely misses you. The jackal bites you.
* * * LOW HITPOINT WARNING * * *
The giant cockroach bites you.
* * * LOW HITPOINT WARNING * * *
You aren't carrying any potions.
You miss the jackal.
The jackal is almost dead.
The jackal barely misses you. x2
The giant cockroach bites you but does no damage.
The jackal bites you. The jackal closely misses you.
Unknown command.
You hit the jackal but do no damage.
The jackal is almost dead.
The jackal closely misses you. The jackal bites you.
You die...

#...............######
#...............#....#
#...............#....#
#.........(.....'.....
#........#.#.####....#
#####......#.######+##
#.######...# #.##
######s####...#.####.##
#...##@h...............
#.....h..####......##.#
#.....##+####.........#
#..........##......####
#..........+..###.#####
##.........#.###.......
#.........#.....######
#.........#.###.#
#....##'#.#.# #.##


You could see 2 jackals and a giant cockroach.

Vanquished Creatures
  2 leopard geckos (D:1)
  A giant cockroach (D:1)
  3 goblins (D:1)
  A hobgoblin (D:1)
  6 kobolds (D:1)
  A frilled lizard (D:1)
  2 rats (D:1)
16 creatures vanquished.

Notes
Turn   | Place    | Note
-------+----------+-------------------------------------------
     0 | D:1      | Nattfarinn the Vine Stalker Assassin began the quest for
                  | the Orb.
     0 | D:1      | Reached XP level 1. HP: 11/11 MP: 2/2
   176 | D:1      | Reached skill level 5 in Stealth
   277 | D:1      | Reached XP level 2. HP: 15/15 MP: 3/3
   872 | D:1      | Slain by a jackal

Levels and vault maps discovered:
D:1:      dpeg_arrival_round_c, layout_basic, minmay_tetromino_l2
D:2:      layout_rooms, grunt_temple_overflow_open, first_ration,
          uniq_crazy_yiuf_cottage, uniq_jessica, uniq_natasha

Skill      XL: |  1  2 |
---------------+-------+-----
Stealth        | 5 |  5.2
Fighting       | 2 |  2.2
Short Blades   | 2 |  2.0
Throwing       | |  1.7
Dodging        | |  0.7

Action                   || total
-------------------------++-------
Melee: Dagger            ||    45
       Bite              ||     6
 Stab: Sleeping          ||     4
Armor: Robe              ||     6
Dodge: Dodged            ||    36

Table legend:
 A = Non-vault XP
 B = Vault XP
 C = Vault XP percentage of total XP
 D = Non-vault monster count
 E = Vault monster count
 F = Vault count percentage of total count
                 A         B        C        D         E       F
            +---------+---------+-------+---------+---------+-------
      Total |      24 |       3 |  11.1 |      14 |       2 |  12.5
            +---------+---------+-------+---------+---------+-------
        D:1 |      24 |       3 |  11.1 |      14 |       2 |  12.5
            +---------+---------+-------+---------+---------+-------
